 Dungeon Crawl Stone Soup version 0.29-a0-314-gb00dd7cb4b (webtiles) character file.

Game seed: 15169643937477189856

12490 Colgate the Spear-Bearer (level 11, -6/106 HPs)
             Began as a Naga Artificer on Mar 29, 2022.
             Was an Initiate of Yredelemnul.
             Mangled by Sonja the culicivora (20 damage)
             ... on level 13 of the Dungeon on Mar 30, 2022.
             The game lasted 01:16:29 (18658 turns).

Colgate the Spear-Bearer (Naga Artificer)          Turns: 18658, Time: 01:16:30

Health: -6/106     AC: 13    Str: 18    XL:     11   Next: 94%
Magic:  14/14      EV: 13    Int: 12    God:    Yredelemnul [......]
Gold:   218        SH:  0    Dex: 12    Spells: 10/10 levels left

rFire   + . .      SeeInvis +   a - +0 halberd (vorpal)
rCold   . . .      Faith    +   (shield currently unavailable)
rNeg    . . .      Spirit   .   i - +3 leather armour {rF+}
rPois   +          Reflect  .   (no helmet)
rElec   .          Harm     .   (no cloak)
rCorr   .          Rampage  .   N - +0 pair of gloves
Will    +....                   (no barding)
Stlth   ++++......              U - amulet of faith
HPRegen 0.27/turn               h - +4 ring of protection
MPRegen 0.14/turn               K - +4 ring of evasion

@: very slow
A: AC +3, large, see invisible, deformed body, poison resistance, slowness 2,
spit poison 1, naga tail 1
a: Spit Poison, Renounce Religion, Recall Undead Harvest


You were on level 13 of the Dungeon.
You worshipped Yredelemnul.
Yredelemnul was noncommittal.
You visited 1 branch of the dungeon, and saw 13 of its levels.

You collected 556 gold pieces.
You spent 338 gold pieces at shops.

Inventory:

Hand Weapons
 a - a +0 vorpal halberd (weapon)
 b - the +10 hunting sling of Huhinuh {venom, rPois rC+ Str-5}
   (You found it on level 4 of the Dungeon)

   Any ammunition fired from it poisons the flesh of those it strikes.
   Str:       It affects your strength (-5).
   rC:        It protects you from cold.
   rPois:     It protects you from poison.
 L - the +2 rapier of the Burning Rat {chaos, Contam rPois Int+3}
   (You took it off a kobold brigand on level 5 of the Dungeon)

   Each time it hits an enemy it has a different, random effect.
   Int:       It affects your intelligence (+3).
   rPois:     It protects you from poison.
   Contam:    It causes magical contamination when unequipped.
 S - a +0 halberd of venom
Missiles
 B - 6 boomerangs of dispersal
 P - 8 javelins
Armour
 i - a +3 leather armour of fire resistance (worn)
 x - the +0 leather armour of Purpose {Drain rF++ Int+2}
   (You found it on level 10 of the Dungeon)

   Int:       It affects your intelligence (+2).
   rF:        It greatly protects you from fire.
   Drain:     It drains your maximum health when unequipped.
 E - a +1 leather armour of cold resistance
 F - +0 ice dragon scales
 I - a +0 robe of positive energy
 N - a +0 pair of gloves (worn)
 Q - +0 swamp dragon scales
Jewellery
 h - a +4 ring of protection (left hand)
 o - a ring of fire
 K - a +4 ring of evasion (right hand)
 U - an amulet of faith (around neck)
Wands
 c - a wand of flame (3)
 d - a wand of charming (14)
 e - a wand of iceblast (1) {@v2}
 u - a wand of polymorph (7)
 y - a wand of paralysis (9)
 T - a wand of digging (5) {@v3}
Scrolls
 g - 3 scrolls of magic mapping {@r5}
 j - a scroll of vulnerability
 l - a scroll of amnesia {unknown}
 m - 11 scrolls of teleportation {@r3}
 n - a scroll of immolation
 q - a scroll of fog {unknown}
 s - a scroll of noise {unknown}
 t - a scroll of fear
 G - a scroll of blinking {@r4}
 H - a scroll of holy word {unknown}
 M - a scroll of enchant weapon {unknown}
 R - 2 scrolls of silence
Potions
 f - 2 potions of attraction
 k - 5 potions of curing {@q1}
 p - 2 potions of might {@q3}
 r - 5 potions of mutation
 v - 6 potions of heal wounds {@q2}
 w - 3 potions of magic
 z - a potion of degeneration
 A - a potion of brilliance
 C - 3 potions of lignification
 D - 3 potions of ambrosia
 O - a potion of invisibility


   Skills:
 + Level 9.3 Fighting
 - Level 14.2 Polearms
 - Level 3.0 Armour
 - Level 1.0 Dodging
 - Level 9.2 Stealth
 - Level 4.4 Invocations
 - Level 3.0 Evocations


You had 10 spell levels left.
You didn't know any spells.
Your spell library contained the following spells:

 Spells                   Type           Power      Damage    Failure   Level
 Beastly Appendage        Tmut           0%         N/A       36%         1
 Shock                    Conj/Air       0%         1d3       36%         1
 Wereblood                Tmut           0%         N/A       52%         2
 Dazzling Flash           Conj/Hex       0%         N/A       75%         3
 Spider Form              Tmut/Pois      0%         N/A       75%         3
 Swiftness                Air            0%         N/A       75%         3
 Airstrike                Air            0%         N/A       98%         4
 Cause Fear               Hex            0%         N/A       98%         4
 Iskenderun's Mystic Bla  Conj/Tloc      0%         2d3       98%         4
 Summon Forest            Summ/Tloc      0%         N/A       100%        5
 Eringya's Noxious Bog    Tmut/Pois      0%         N/A       100%        6
 Starburst                Conj/Fire      0%         6d3       100%        6
 Dragon Form              Tmut           0%         N/A       100%        7
 Summon Hydra             Summ           0%         N/A       100%        7
 Dragon's Call            Summ           0%         N/A       100%        9


Dungeon Overview and Level Annotations

Branches:
Dungeon (14/15)            Temple (0/1) D:4            Lair (0/6) D:8
    Orc: D:9-12      Vaults: D:13-14

Altars:
Elyvilon
Makhleb
Qazlal
Uskayaw
Wu Jian
Xom
Yredelemnul

Shops:
D:5 *   D:10 !

Annotations:
D:13 Sonja


Innate Abilities, Weirdness & Mutations

Your serpentine skin is tough. (AC +3)
You have supernaturally acute eyesight. (SInv)
Armour fits poorly on your strangely shaped body.
Your system is resistant to poisons. (rPois)
You cover ground very slowly.
You can spit poison.
You have a snake-like lower body.


Message History

Aiming: Polymorph
Aim: Sonja, wielding a +0 dagger of draining and quivering curare-tipped darts (will become a culicivora, a golden eye, or a hog, chance to affect: 65%) Sonja evaporates and reforms as a culicivora!
A kobold demonologist and a kobold come into view.
The kobold demonologist is wielding a +2 dagger of electrocution.
A kobold comes into view.
It is wielding a +0 short sword and quivering poisoned darts.
Found a hunting sling.
Sonja bites you!
Sonja draws strength from your injuries!
Sonja bites you but does no damage. Sonja bites you!
Sonja draws strength from your injuries!
The +10 hunting sling of Huhinuh {venom, rPois rC+ Str-5} stops dripping with poison.
a - a +0 vorpal halberd (weapon)
You hit Sonja. Sonja bites you!
Sonja draws strength from your injuries!
Sonja bites you but does no damage.
You miss Sonja. Sonja bites you but does no damage.
You barely miss Sonja. Sonja misses you.
You slash Sonja! Sonja bites you.
Sonja draws strength from your injuries!
You closely miss Sonja. Sonja bites you!
Sonja draws strength from your injuries!
You miss Sonja. Sonja closely misses you. Sonja bites you.
Sonja draws strength from your injuries!
You miss Sonja. Sonja bites you but does no damage.
You hit Sonja. Sonja completely misses you.
You miss Sonja. Sonja bites you!
Sonja draws strength from your injuries!
You miss Sonja. Sonja bites you but does no damage.
You slash Sonja! Sonja bites you but does no damage.
You hit Sonja. Sonja bites you but does no damage.
You barely miss Sonja. Sonja bites you.
* * * LOW HITPOINT WARNING * * *
Sonja draws strength from your injuries!
Sonja bites you!
* * * LOW HITPOINT WARNING * * *
Sonja draws strength from your injuries!
You miss Sonja. Sonja bites you!!
You die...
Your body rises from the dead as a mindless zombie.

#. #...# ..
#.#.###.#
##.#...).#
#.......#
#.......#
#.#####.......#
#...@s........#
#######....>..####
#..........#
#............
##!###.....## #..
..#### ##K# K.# KK
... ## ###.


You could see Sonja the culicivora.

Vanquished Creatures
  A catoblepas (D:8)
  3 two-headed ogres
  A deep elf pyromancer (D:8)
  A cyclops (D:11)
  Maggie (D:8)
  A kobold demonologist (D:10)
  A troll (D:8)
  A hornet (D:9)
  Sigmund (D:2)
  2 shadows
  A wyvern (D:8)
  Eustachio (D:4)
  A basilisk (D:9)
  4 yaks (D:11)
  A wraith (D:8)
  3 steam dragons
  A vampire mosquito (D:10)
  Grum (D:8)
  Menkaure (D:7)
  An acid dragon (D:9)
  Duvessa (D:4)
  An ice beast (D:7)
  4 orc warriors
  A sky beast (D:7)
  3 ogres
  3 wolves (D:8)
  4 centaurs
  2 phantoms
  6 kobold brigands
  4 bullfrogs
  3 necrophages
  4 scorpions
  9 wights
  2 howler monkeys
  8 electric eels
  A gnoll shaman (D:8)
  7 orc priests
  2 hounds
  3 jellies
  Jessica (D:3)
  11 orc wizards
  Natasha (thrice) (D:4)
  3 iguanas
  5 adders
  6 gnolls
  2 white imps (D:6)
  2 ufetubi (D:7)
  An electric eel zombie (D:9)
  2 worms
  4 dart slugs
  24 orcs
  4 bats
  2 endoplasms (D:4)
  A giant cockroach (D:1)
  6 goblins
  4 hobgoblins
  10 jackals
  19 kobolds
  5 quokkas
  6 ball pythons
  A ball python skeleton (D:2)
  2 ball python zombies (D:2)
  6 frilled lizards
  A giant cockroach zombie (D:2)
  7 rats
234 creatures vanquished.

Vanquished Creatures (collateral kills)
  Psyche (D:8)
  A yak (D:11)
  A vampire mosquito (D:10)
  A sky beast (D:8)
  A kobold brigand (D:9)
  2 necrophages
  A scorpion (D:4)
  The ghost of Bapho the Stinger, a weakling NaVM (D:5)
  2 jellies
  A howler monkey (D:8)
  An orc priest (D:8)
  3 iguanas
  An orc wizard (D:10)
  A hound skeleton (D:6)
  3 gnolls (D:8)
  An adder (D:4)
  An adder skeleton (D:2)
  A worm (D:4)
  7 orcs
  A ball python (D:4)
  An endoplasm (D:2)
  A goblin (D:4)
  A bat (D:2)
  7 kobolds
42 creatures vanquished.

Vanquished Creatures (others)
  A catoblepas zombie (D:8)
  A vampire mosquito zombie (D:10)
  A wolf zombie (D:8)
  2 bullfrog zombies
  A scorpion zombie (D:5)
  2 human zombies (D:8)
  2 ogre zombies
  A hound zombie (D:4)
  A howler monkey zombie (D:5)
  3 spectral jellies
  A steam dragon zombie (D:8)
  A worm zombie (D:4)
  An electric eel zombie (D:8)
  2 iguana zombies
  A spectral white imp (D:6)
  5 gnoll zombies
  A ball python zombie (D:4)
  3 goblin zombies
  A hobgoblin zombie (D:4)
  2 jackal zombies (D:5)
  12 kobold zombies
  26 orc zombies
  A quokka zombie (D:5)
  2 spectral endoplasms (D:4)
  A spectral ufetubus (D:7)
  10 demonic plants (D:1)
  13 fungi (D:1)
  119 plants
  10 withered plants
227 creatures vanquished.

Grand Total: 503 creatures vanquished

Notes
Turn   | Place    | Note
-------+----------+-------------------------------------------
     0 | D:1      | Colgate the Naga Artificer began the quest for the Orb.
     0 | D:1      | Reached XP level 1. HP: 18/18 MP: 1/1
   451 | D:1      | Reached XP level 2. HP: 19/25 MP: 2/2
   977 | D:1      | Found a faded altar of an unknown god.
   985 | D:1      | Prayed at the altar of an unknown god.
   985 | D:1      | Became a worshipper of Yredelemnul the Dark
   985 | D:1      | Reached * piety under Yredelemnul
  1100 | D:1      | Reached XP level 3. HP: 31/31 MP: 3/3
  1687 | D:2      | Noticed Sigmund
  1904 | D:2      | Killed Sigmund
  1905 | D:2      | Reached XP level 4. HP: 39/39 MP: 4/4
  1905 | D:2      | Reached XP level 5. HP: 45/45 MP: 5/5
  2132 | D:2      | Reached XP level 6. HP: 52/52 MP: 6/6
  2170 | D:2      | Reached ** piety under Yredelemnul
  2607 | D:3      | Noticed Jessica
  2634 | D:3      | Killed Jessica
  3541 | D:3      | Found an ornate altar of the Wu Jian Council.
  3602 | D:4      | Found a staircase to the Ecumenical Temple.
  3670 | D:4      | Reached XP level 7. HP: 37/63 MP: 7/7
  4064 | D:4      | Identified the +10 hunting sling of Huhinuh {venom, rPois
                  | rC+ Str-5}
  4106 | D:4      | Reached skill level 5 in Fighting
  4177 | D:4      | Noticed Eustachio
  4202 | D:4      | Killed Eustachio
  4420 | D:4      | Noticed Dowan
  4469 | D:4      | Noticed Natasha
  4475 | D:4      | Killed Natasha
  4623 | D:4      | Noticed Duvessa
  4635 | D:4      | Killed Duvessa
  4636 | D:4      | Reached skill level 2 in Polearms
  4636 | D:4      | Reached XP level 8. HP: 55/76 MP: 8/8
  4639 | D:4      | Noticed Dowan
  4639 | D:4      | Dowan changed into Dowan the gnoll
  4645 | D:4      | Killed Dowan the gnoll
  4824 | D:5      | Entered Level 5 of the Dungeon
  4847 | D:5      | Found a large runed translucent door.
  4849 | D:5      | Found a large runed translucent door.
  4871 | D:5      | Found a stormy altar of Qazlal.
  4918 | D:5      | Reached skill level 3 in Polearms
  5071 | D:5      | Reached skill level 4 in Polearms
  5398 | D:5      | Found Ymairr's Assorted Antiques.
  5415 | D:5      | Bought a scroll labelled ISSATH TU JOUR for 26 gold pieces
  5415 | D:5      | Bought a scroll labelled ISSATH TU JOUR for 26 gold pieces
  5415 | D:5      | Bought a scroll labelled DISHRA ZASIPSYT for 26 gold pieces
  5644 | D:5      | Reached skill level 5 in Polearms
  5800 | D:5      | Reached skill level 6 in Polearms
  5845 | D:5      | Reached skill level 7 in Polearms
  5934 | D:5      | Reached XP level 9. HP: 37/82 MP: 9/9
  6186 | D:5      | Bought a moonstone ring for 130 gold pieces
  6255 | D:5      | Found a runed translucent door.
  6259 | D:5      | Noticed Bapho's ghost (weakling NaVM)
  6264 | D:5      | Found a hide-covered altar of Uskayaw.
  6326 | D:5      | Identified the +2 rapier of the Burning Rat {chaos, Contam
                  | rPois Int+3}
  6577 | D:5      | Found a shimmering altar of Xom.
  6743 | D:5      | Killed Bapho's ghost
  6745 | D:5      | Reached skill level 8 in Polearms
  6946 | D:4      | Noticed Natasha
  6959 | D:4      | Found a staircase to the Ecumenical Temple.
  6965 | D:4      | Killed Natasha
  7239 | D:4      | Noticed Natasha
  7248 | D:4      | Killed Natasha
  8539 | D:6      | Found a burning altar of Makhleb.
  8587 | D:6      | Found a white marble altar of Elyvilon.
  9678 | D:6      | Found a white marble altar of Elyvilon.
  9732 | D:6      | Found a burning altar of Makhleb.
  9890 | D:7      | Reached skill level 9 in Polearms
  9915 | D:7      | Noticed Menkaure
  9918 | D:7      | Killed Menkaure
 10202 | D:7      | Reached skill level 10 in Polearms
 10223 | D:7      | Reached skill level 1 in Dodging
 11735 | D:8      | Reached XP level 10. HP: 32/91 MP: 10/10
 11926 | D:8      | Reached skill level 11 in Polearms
 11999 | D:8      | Noticed Maggie
 12012 | D:8      | Killed Maggie
 12062 | D:8      | Your ally Maggie died
 12201 | D:8      | Noticed Grum
 12202 | D:8      | Noticed Psyche
 12208 | D:8      | Killed Grum
 12210 | D:8      | Reached skill level 12 in Polearms
 12213 | D:8      | Killed Psyche
 12315 | D:8      | Your ally Psyche died
 12360 | D:8      | Your ally Grum died
 12405 | D:8      | Reached skill level 1 in Invocations
 12534 | D:8      | Noticed a catoblepas
 12540 | D:8      | Killed a catoblepas
 12598 | D:8      | Noticed a deep elf pyromancer
 12616 | D:8      | Killed a deep elf pyromancer
 12617 | D:8      | Reached XP level 11. HP: 11/100 MP: 14/14
 12691 | D:8      | Reached *** piety under Yredelemnul
 13441 | D:8      | Found a staircase to the Lair.
 13775 | D:8      | Found a staircase to the Lair.
 14446 | D:9      | Reached skill level 13 in Polearms
 15138 | D:9      | Paralysed by a hornet for 3 turns
 16233 | D:10     | Entered Level 10 of the Dungeon
 16356 | D:5      | Bought a runed leather armour for 130 gold pieces
 16965 | D:10     | Identified the +0 leather armour of Purpose {Drain rF++
                  | Int+2}
 17009 | D:10     | Noticed a two-headed ogre
 17019 | D:10     | Killed a two-headed ogre
 17020 | D:10     | Reached skill level 14 in Polearms
 17068 | D:10     | Noticed a two-headed ogre
 17081 | D:10     | Killed a two-headed ogre
 17507 | D:10     | Found Giwufis's Distillery.
 18588 | D:11     | Noticed a cyclops
 18598 | D:11     | Killed a cyclops
 18614 | D:11     | Noticed a two-headed ogre
 18624 | D:11     | Killed a two-headed ogre
 18630 | D:11     | You fall into a shaft and drop 3 floors!
 18630 | D:14     | Noticed a death knight
 18630 | D:14     | Noticed a phantasmal warrior
 18630 | D:14     | Noticed a skeletal warrior
 18635 | D:13     | Noticed Sonja
 18638 | D:13     | Noticed Sonja
 18638 | D:13     | Sonja changed into Sonja the culicivora
 18658 | D:13     | Mangled by Sonja the culicivora

Illustrated notes

Levels and vault maps discovered:
D:1:      lightli_arrival_lavapool, layout_loops_ring,
          shapermc_ecumenical_altar_gd, kennysheep_small_spiral
D:2:      wander_river, layout_loops_cross, serial_undead, serial_undead_c,
          serial_undead_a, serial_undead_e, serial_undead_d, uniq_sigmund
D:3:      layout_basic, mainiacjoe_overflow_alcove_4, minmay_door_square,
          uniq_jessica
D:4:      layout_loops_ring, minmay_temple_entry_glass, st_stairs_10,
          uniq_natasha, uniq_eustachio, uniq_duvessa
D:5:      due_chaos_kobolds, layout_basic, nicolae_qazlal_general_emergency,
          nicolae_uskayaw_dance_hall, serial_bayou, serial_bayou_pond_e,
          serial_bayou_lagoon_b, serial_bayou_pond_b, serial_bayou_lake_a,
          ebering_ghost_sewer_d, serial_shops, nicolae_stop_n_shop_2
D:6:      layout_loops_corners, nicolae_elyvilon_temple_path,
          makhleb_blood_cavern_becter
D:7:      layout_basic, uniq_menkaure
D:8:      nzn_winding_woodlands_cross [nzn_winding_woodlands_5x15_lazy_stream,
          nzn_winding_woodlands_5x15_pathside_ponds,
          nzn_winding_woodlands_5x15_sawtooth,
          nzn_winding_woodlands_5x15_parted,
          nzn_winding_woodlands_15x15_five_gardens], layout_loops_ring,
          lair_entry_dummy, serial_bayou, serial_bayou_shore_b,
          serial_bayou_pond_c, serial_bayou_pond_d, serial_bayou_ford_a,
          uniq_grum, uniq_psyche, uniq_maggie
D:9:      layout_gridville, disabler_island
D:10:     layout_long_grid, serial_shops, kennysheep_little_box
D:11:     layout_roguey, serial_shops, shop, shop, uniq_lodul
D:13:     layout_loops_ring, ximxim_vaults_locker_room,
          muffindrake_ghost_dual_entry, uniq_sonja
D:14:     layout_cave_pools, minmay_misc_feat_pillars, uniq_roxanne

Skill      XL: |  1  2  3  4  5  6  7  8  9 10 11 |
---------------+----------------------------------+-----
Stealth        | 3 4 8 9 |  9.2
Fighting       | 2 3 6 7 9 |  9.3
Polearms       | 2 7 10 12 14 | 14.2
Dodging        | 1 |  1.0
Armour         | 2 3 |  3.0
Invocations    | 4 |  4.4
Evocations     | |  3.0

Action                   |  1- 3 |  4- 6 |  7- 9 | 10-12 || total
-------------------------+-------+-------+-------+-------++-------
Melee: Unarmed           |    28 |       |       |       ||    28
       Punch             |     2 |       |       |       ||     2
       Short sword       |    29 |       |       |       ||    29
       Dagger            |       |    49 |     5 |       ||    54
       Halberd           |       |       |   190 |   250 ||   440
 Fire: Hunting sling     |    16 |     3 |    54 |    73 ||   146
Throw: Javelin           |       |       |     3 |       ||     3
Invok: Recall Undead Har |       |     1 |       |     1 ||     2
       Dark Bargain      |       |       |       |     3 ||     3
 Abil: Spit Poison       |    32 |    23 |    79 |    32 ||   166
Evoke: Wand              |     3 |     2 |     6 |    12 ||    23
  Use: Scroll            |       |     1 |     9 |     8 ||    18
 Stab: Sleeping          |     1 |    10 |     3 |     1 ||    15
       Distracted        |       |       |     2 |     1 ||     3
Armor: Leather armour    |    20 |       |    56 |   105 ||   181
       Ring mail         |     6 |    11 |       |       ||    17
       Robe              |       |     9 |    37 |       ||    46
       Ice dragon scales |       |       |    19 |       ||    19
Dodge: Dodged            |    24 |    19 |   112 |   130 ||   285

Table legend: (Time is in decaauts)
 A = Elapsed time spent in this place.
 B = Non-inter-level travel time spent in this place.
 C = Inter-level travel time spent in this place.
 D = Time resting spent in this place.
 E = Time spent auto-exploring this place.
 F = Levels seen in this place.
 G = Mean time per level.
                   A        B        C        D        E       F      G
               +--------+--------+--------+--------+--------+-----+--------+
         Total |  24798 |  23250 |   1548 |    152 |  20132 |  13 | 1907.5 |
       Dungeon |  24798 |  23250 |   1548 |    152 |  20132 |  13 | 1907.5 |
               +--------+--------+--------+--------+--------+-----+--------+

Top non-repeatable levels by time:
     D:8: 3773 daAuts
     D:6: 3196 daAuts
     D:5: 2698 daAuts
     D:4: 2510 daAuts
     D:1: 2483 daAuts
     D:7: 2364 daAuts
     D:9: 2309 daAuts
    D:10: 2117 daAuts
     D:2: 1418 daAuts
     D:3: 1367 daAuts
    D:11: 529 daAuts
    D:13: 22 daAuts
    D:14: 6 daAuts
